[Event "Late-Titled-Tuesday-Blitz-February-27-2024"]
[Site "Chess.com"]
[Date "2024.02.27"]
[Round "2"]
[White "giovannibrandao7"]
[Black "GothamChess"]
[Result "0-1"]
[WhiteElo "2232"]
[BlackElo "2680"]
[TimeControl "180+1"]
[EndTime "14:16:04 PST"]
[Termination "GothamChess won by resignation"]

1. e4 d5 2. exd5 Qxd5 3. d4 e5 4. dxe5 Qxd1+ 5. Kxd1 Nc6 6. Nf3 Bg4 7. Bf4 O-O-O+ 8. Bd3 Nge7 9. Bg3 Ng6 10. Re1 h5 11. h3 Bxf3+ 12. gxf3 h4 13. Bh2 Bc5 14. Nd2 Bxf2 15. Re2 Bg3 16. Bxg6 fxg6 17. c3 Bxh2 18. Rxh2 Nxe5 19. Kc2 Rhf8 20. Rg1 Rd6 21. Rhg2 Nxf3 22. Nxf3 Rxf3 23. Rxg6 Rxg6 24. Rxg6 Rg3 0-1

[Event "Late-Titled-Tuesday-Blitz-February-27-2024"]
[Site "Chess.com"]
[Date "2024.02.27"]
[Round "2"]
[White "Josetricks"]
[Black "pirulillo"]
[Result "0-1"]
[WhiteElo "2470"]
[BlackElo "2224"]
[TimeControl "180+1"]
[EndTime "14:16:05 PST"]
[Termination "pirulillo won by checkmate"]

1. d4 Nf6 2. Nc3 d5 3. Bf4 g6 4. Nf3 Bg7 5. Ne5 O-O 6. e3 c5 7. h4 h5 8. Qd2 Be6 9. O-O-O cxd4 10. exd4 Nc6 11. Nxc6 bxc6 12. Be5 Qa5 13. Bd3 c5 14. Rhe1 c4 15. Be2 Ne4 16. Nxe4 Qxa2 17. Nc3 Qa1+ 18. Nb1 Rab8 19. c3 a5 20. Bxg7 Kxg7 21. Qc2 Bf5 22. Qxf5 Qxb2# 0-1

[Event "Late-Titled-Tuesday-Blitz-February-27-2024"]
[Site "Chess.com"]
[Date "2024.02.27"]
[Round "2"]
[White "xasid81"]
[Black "bancsoo"]
[Result "1-0"]
[WhiteElo "2595"]
[BlackElo "2888"]
[TimeControl "180+1"]
[EndTime "14:16:06 PST"]
[Termination "xasid81 won by resignation"]

1. d4 d5 2. Nf3 Nf6 3. Bg5 Ne4 4. Bf4 c5 5. e3 Qb6 6. Qc1 Nc6 7. c3 Bf5 8. Nbd2 e6 9. Nxe4 Bxe4 10. Be2 Be7 11. O-O O-O 12. Qd2 Rfd8 13. Ne5 Rac8 14.
Bd3 Nxe5 15. Bxe5 Bxd3 16. Qxd3 Qxb2 17. Rfb1 c4 18. Qxh7+ Kxh7 19. Rxb2 Rd7 20. Rab1 b6 21. a4 Bd8 22. f3 f6 23. Bg3 g5 24. h4 gxh4 25.
Bxh4 Kg6 26. Kf2 Bc7 27. Bg3 e5 28. Rb5 Re8 29. Rd1 exd4 30. Bxc7 dxe3+ 31. Ke2 Rxc7 32. Rbxd5 Rh7 33. Rd8 Rxd8 34. Rxd8 Rh2 35. Kxe3 Rxg2 36. Rg8+ 1-0

[Event "Late-Titled-Tuesday-Blitz-February-27-2024"]
[Site "Chess.com"]
[Date "2024.02.27"]
[Round "2"]
[White "ahkashefi2800"]
[Black "pinguino120"]
[Result "1-0"]
[WhiteElo "2620"]
[BlackElo "2372"]
[TimeControl "180+1"]
[EndTime "14:16:06 PST"]
[Termination "ahkashefi2800 won by resignation"]

1. Nf3 d5 2. g3 Nf6 3. Bg2 Bg4 4. O-O c6 5. c4 e6 6. cxd5 exd5 7. d4 Nbd7 8. Bf4 Be7 9. Ne5 Bh5 10. Nd2 O-O 11.
Ndf3 Nxe5 12. Nxe5 Ng4 13. Nxg4 Bxg4 14. a3 a5 15. Qd2 Re8 16. Rfe1 Bd6 17. Bxd6 Qxd6 18. e3 a4 19. Rec1 Bf5 20. Qc3 h5 21. b4 axb3 22.
Qxb3 Ra7 23. a4 Rea8 24. Ra2 h4 25. Rca1 h3 26. Bf1 Be4 27. Bxh3 g5 28. Bf1 Kg7 29.
Qc3 g4 30. a5 Qh6 31. Qc5 Rh8 32. h4 gxh3 33. Kh2 Qf6 34. f4 Raa8 35. a6 bxa6 36. Rxa6 Rxa6 37. Rxa6 Rh6 38. Ra8 Rg6 39. Qf8+ Kh7 40.
Bxh3 Rg7 41. g4 Qh4 42. Qh8+ 1-0

[Event "Late-Titled-Tuesday-Blitz-February-27-2024"]
[Site "Chess.com"]
[Date "2024.02.27"]
[Round "2"]
[White "NMJeevanK"]
[Black "sergiochess83"]
[Result "1-0"]
[WhiteElo "2607"]
[BlackElo "2906"]
[TimeControl "180+1"]
[EndTime "14:16:09 PST"]
[Termination "NMJeevanK won by resignation"]

1. e4 e6 2. d4 d5 3. exd5 exd5 4. Nf3 Bd6 5. Bd3 Ne7 6. O-O Nbc6 7. c3 Bf5 8. Bxf5 Nxf5 9. Re1+ Nfe7 10. Nbd2 O-O 11. Nf1 Qd7 12. Ng3 Ng6 13. Qd3 Nce7 14. Bg5 f6 15.
Bd2 c6 16. Re2 Rfe8 17. Rae1 Kf7 18. h4 Bxg3 19. fxg3 h5 20. Re6 Qxe6 21. Rxe6 Kxe6 22. Nh2 Kf7 23. Qe2 Rh8 24. Nf3 Rae8 25. Qf2 Rhf8 26. Ng5+ Kg8 27. Ne6 Rf7 28. Qf3 Nf8 29. Nxf8 Rfxf8 30. Qxh5 Nc8 31. Qg4 Nd6 32. Bf4 Nc4 33. b3 Nb6 34. h5 Rf7 35. h6 Nd7 36. Qh5 g5 37. Qg6+ 1-0

[Event "Late-Titled-Tuesday-Blitz-February-27-2024"]
[Site "Chess.com"]
[Date "2024.02.27"]
[Round "2"]
[White "Sacbutt"]
[Black "Alexei_Gubajdullin"]
[Result "0-1"]
[WhiteElo "2335"]
[BlackElo "2640"]
[TimeControl "180+1"]
[EndTime "14:16:09 PST"]
[Termination "Alexei_Gubajdullin won by checkmate"]

1. e4 g6 2. d4 Bg7 3. Nc3 d6 4. Be2 a6 5. a4 Nd7 6. Be3 b6 7. f4 Bb7 8. Bf3 c5 9. Nge2 cxd4 10. Bxd4 e5 11. Be3 Nc5 12. O-O Nf6 13. Ng3 O-O 14. Qd2 exf4 15. Bxf4 Re8 16. Rfe1 h5 17.
h4 Ng4 18. Bxg4 hxg4 19. Qxd6 Qxh4 20. Qxb6 Bd4+ 21. Kf1 Re6 22. Qb4 Rf6 23. Nce2 Be3 24. e5 Qh2 25. Qxb7 Rxf4+ 26. Nxf4 Qg1+ 27. Ke2 Qf2+ 28. Kd1 Qd2# 0-1

[Event "Late-Titled-Tuesday-Blitz-February-27-2024"]
[Site "Chess.com"]
[Date "2024.02.27"]
[Round "2"]
[White "Beca95"]
[Black "rhungaski"]
[Result "1-0"]
[WhiteElo "2926"]
[BlackElo "2593"]
[TimeControl "180+1"]
[EndTime "14:16:10 PST"]
[Termination "Beca95 won on time"]

1. e4 c5 2. Nf3 Nc6 3. Bb5 d6 4. O-O Bd7 5. c3 a6 6. Ba4 Nf6 7. Re1 b5 8. Bc2 Bg4 9. h3 Bxf3 10. Qxf3 g6 11. d3 Bg7 12. Nd2 O-O 13. Qd1 Nd7 14.
Nf3 e5 15. a4 Nb6 16. Be3 Re8 17. Bb3 h6 18. g3 Qc7 19. Nh4 Kh7 20. Qf3 Rf8 21.
axb5 axb5 22. Rxa8 Nxa8 23. Ra1 Nb6 24. Kg2 Qb7 25.
Kh2 c4 26. Bxb6 cxb3 27. Be3 b4 28. c4 Kg8 29. Qd1 Ra8 30. Rxa8+ Qxa8 31. Qxb3 Qa1 32. Kg2 Bf6 33. Nf3 Kg7 34. c5 dxc5 35. Bxc5 Qa5 36. Qd5 Qa6 37. Nd2 h5 38. Nc4 b3 39. h4 Kg8 40. Qd7 Bg7 41. Nd6 1-0

[Event "Late-Titled-Tuesday-Blitz-February-27-2024"]
[Site "Chess.com"]
[Date "2024.02.27"]
[Round "2"]
[White "almaguerjm"]
[Black "GianmarcoVaR"]
[Result "0-1"]
[WhiteElo "2448"]
[BlackElo "2710"]
[TimeControl "180+1"]
[EndTime "14:16:11 PST"]
[Termination "GianmarcoVaR won by resignation"]

1. e4 c5 2. Nf3 d6 3. d4 cxd4 4.
Nxd4 Nf6 5. Nc3 a6 6. Be2 e5 7.
Nb3 Be7 8. Be3 Be6 9. a4 O-O 10. a5 Nc6 11. g4 d5 12. g5 Nxe4 13. Nxe4 dxe4 14. Nc5 Bxc5 15. Bxc5 Re8 16. c3 Qxg5 17. Qc2 Rad8 18. Be3 Qg2 19. Rf1 Nd4 20. cxd4 exd4 21. Bxd4 Rxd4 22. Qc3 Red8 23. Qg3 Bh3 24. Rg1 Qxg3 25.
Rxg3 Be6 26. Rd1 f5 27. Rc3 Rxd1+ 28. Bxd1 Kf7 29. Ba4 Rc8 30. Kd2 Kf6 31. Ke3 Rxc3+ 32. bxc3 Ke5 33. f4+ exf3 34. Kxf3 Bd5+ 35. Ke3 f4+ 36.
Kf2 g5 37. Bc2 Be4 38. Bd1 Kd5 39. Be2 Kc5 40. h3 b6 41. axb6 Kxb6 0-1

[Event "Late-Titled-Tuesday-Blitz-February-27-2024"]
[Site "Chess.com"]
[Date "2024.02.27"]
[Round "2"]
[White "pooh2012"]
[Black "Ali_rastbod"]
[Result "0-1"]
[WhiteElo "2475"]
[BlackElo "2713"]
[TimeControl "180+1"]
[EndTime "14:16:14 PST"]
[Termination "Ali_rastbod won by resignation"]

1. Nf3 c5 2. c4 Nc6 3. Nc3 g6 4. h4 Nf6 5. b3 Bg7 6. Bb2 O-O 7. e3 e6 8. Be2 d5 9. cxd5 exd5 10. Na4 Qe7 11.
Rc1 b6 12. d4 Ne4 13. dxc5 Bxb2 14. Nxb2 bxc5 15. Qxd5 Bb7 16. Qc4 Nb4 17. Ng5 Bd5 18.
Nxe4 Bxc4 19. Rxc4 Nxa2 20. h5 Rac8 21. hxg6 hxg6 22. Na4 Nb4 23. Nexc5 Nd5 24. O-O a5 25. Bg4 Rcd8 26. Bf3 Kg7 27. Rd1 Nxe3 28. fxe3 Qxe3+ 29. Kf1 Rh8 0-1

[Event "Late-Titled-Tuesday-Blitz-February-27-2024"]
[Site "Chess.com"]
[Date "2024.02.27"]
[Round "2"]
[White "wild3000"]
[Black "C_K_G"]
[Result "1-0"]
[WhiteElo "2459"]
[BlackElo "2146"]
[TimeControl "180+1"]
[EndTime "14:16:15 PST"]
[Termination "wild3000 won on time"]

1. d4 d5 2. c4 e6 3. Nc3 Nf6 4. Nf3 a6 5. a3 dxc4 6. e4 b5 7. Bg5 Be7 8. g3 Bb7 9. Qc2 O-O 10. Bg2 h6 11. Bf4 Nbd7 12. O-O c5 13. Rad1 b4 14. axb4 cxb4 15. e5 Nd5 16. Nxd5 Bxd5 17. Nd2 Rc8 18.
Bxd5 exd5 19. Be3 a5 20. f4 b3 21. Qc1 Bb4 22. Nb1 a4 23. f5 a3 24. bxa3 Ba5 25.
Bxh6 c3 26. Bxg7 Kxg7 27. f6+ Kh7 28. Qg5 Nxf6 29. exf6 1-0

[Event "Late-Titled-Tuesday-Blitz-February-27-2024"]
[Site "Chess.com"]
[Date "2024.02.27"]
[Round "2"]
[White "Joachim100x"]
[Black "shirovin"]
[Result "1-0"]
[WhiteElo "2437"]
[BlackElo "2066"]
[TimeControl "180+1"]
[EndTime "14:16:17 PST"]
[Termination "Joachim100x won by resignation"]

1. e4 c5 2. Nf3 d6 3. d4 cxd4 4. Nxd4 Nf6 5. Nc3 a6 6. f3 e5 7. Nb3 Be6 8. Be3 Be7 9. Qd2 h5 10. O-O-O Nbd7 11. Kb1 Rc8 12. Nd5 Nxd5 13. exd5 Bf5 14.
Bd3 Bxd3 15. Qxd3 Qc7 16. Nd2 Nc5 17. Qe2 O-O 18. h4 f5 19. Bg5 Bxg5 20. hxg5 g6 21. g4 Na4 22. Nb3 hxg4 23. fxg4 Qg7 24. Rh6 e4 25. Nd4 Rc4 26. gxf5 Rxd4 27. Rxg6 Rxd1+ 28. Qxd1 Qxg6 29. fxg6 e3 30. Qh1 Rf2 31. Qh7+ Kf8 32.
g7+ 1-0

[Event "Late-Titled-Tuesday-Blitz-February-27-2024"]
[Site "Chess.com"]
[Date "2024.02.27"]
[Round "2"]
[White "OPQRC"]
[Black "BardArtem"]
[Result "0-1"]
[WhiteElo "2527"]
[BlackElo "2740"]
[TimeControl "180+1"]
[EndTime "14:16:19 PST"]
[Termination "BardArtem won by checkmate"]

1. e4 c5 2. Nf3 d6 3. d4 cxd4 4.
Nxd4 Nf6 5. Nc3 a6 6. Bg5 Nbd7 7.
f4 h6 8. Bh4 e5 9. fxe5 dxe5 10.
Nf3 Be7 11. Bd3 O-O 12. O-O b5 13. Kh1 Bb7 14. Qe2 Rc8 15. Rad1 Qa5 16. Bg3 b4 17. Nb1 Rfd8 18. Nbd2 Qxa2 19. Nc4 Qa4 20. b3 Qc6 21. Nfxe5 Nxe5 22. Nxe5 Qc3 23. Bc4 Rf8 24. Ng6 Bc5 25. Nxf8 Rxf8 26. e5 Ne4 27. e6 Nxg3+ 28. hxg3 Qxg3 29.
exf7+ Kh8 30. Rd3 Qh4+ 31. Rh3 Qxh3# 0-1

[Event "Late-Titled-Tuesday-Blitz-February-27-2024"]
[Site "Chess.com"]
[Date "2024.02.27"]
[Round "2"]
[White "chess94cu"]
[Black "vladoboch"]
[Result "1-0"]
[WhiteElo "2701"]
[BlackElo "2434"]
[TimeControl "180+1"]
[EndTime "14:16:19 PST"]
[Termination "chess94cu won by resignation"]

1. Nf3 d5 2. c4 c6 3. e3 Bg4 4. Nc3 e6 5. Qb3 Qb6 6. Ne5 Bf5 7. d4 Qxb3 8. axb3 Bc2 9. c5 Bxb3 10.
Bd3 f6 11. Ra3 fxe5 12. Rxb3 e4 13. Be2 Nf6 14. Rxb7 Be7 15. f3 exf3 16. gxf3 Nbd7 17. e4 dxe4 18. fxe4 e5 19. dxe5 Nxe5 20. b4 Nfd7 21. O-O Kd8 22. Rd1 a6 23. Bg4 Nxg4 24. Rdxd7+ Ke8 25. Rxe7+ Kf8 26. Rf7+ Ke8 27. Rxg7 Nf6 28. Bg5 Ng8 1-0

[Event "Late-Titled-Tuesday-Blitz-February-27-2024"]
[Site "Chess.com"]
[Date "2024.02.27"]
[Round "2"]
[White "PNEPaul"]
[Black "czasnaszachy"]
[Result "0-1"]
[WhiteElo "2046"]
[BlackElo "2434"]
[TimeControl "180+1"]
[EndTime "14:16:20 PST"]
[Termination "czasnaszachy won on time"]

1. e4 c5 2. d4 cxd4 3. c3 dxc3 4. Nxc3 Nc6 5. Nf3 e6 6. Bf4 Bb4 7. Bd3 Nge7 8. e5 Bxc3+ 9. bxc3 Qa5 10. O-O Ng6 11.
Bg3 Ncxe5 12. Nxe5 Nxe5 13. Bxe5 Qxe5 14. Re1 Qa5 15.
Rc1 O-O 16. Bb1 d5 17. Qh5 f5 18. Re3 Qd8 19. Rh3 h6 20. Rg3 Rf6 21. Rd1 Bd7 22. c4 Bc6 23. cxd5 Bxd5 24. Rh3 Qe8 25. Qe2 Rc8 26. Re1 Qc6 27. Rg3 Qc4 28. Qe5 Kh8 0-1

[Event "Late-Titled-Tuesday-Blitz-February-27-2024"]
[Site "Chess.com"]
[Date "2024.02.27"]
[Round "2"]
[White "lamomiajunior"]
[Black "masterofpuppets2"]
[Result "1-0"]
[WhiteElo "2727"]
[BlackElo "2520"]
[TimeControl "180+1"]
[EndTime "14:16:21 PST"]
[Termination "lamomiajunior won by resignation"]

1. d4 d5 2. c4 e6 3. Nc3 c5 4. cxd5 exd5 5. Nf3 Nf6 6. Bg5 Be6 7. e3 c4 8. g3 Bb4 9. Bg2 O-O 10. O-O Nbd7 11. Kh1 h6 12. Bxf6 Nxf6 13. Ng1 Re8 14. Nge2 a6 15. a3 Bxc3 16. bxc3 Bf5 17. a4 b5 18. Re1 Be4 19. f3 Bh7 20. Ng1 Qb6 21. axb5 axb5 22. Rxa8 Rxa8 23. e4 b4 24. e5 Ne8 25. cxb4 Qxb4 26. f4 Nc7 27. Qc1 Ra2 28.
Nf3 Be4 29. Nh4 Bxg2+ 30. Nxg2 Nb5 31. f5 Nxd4 32. e6 fxe6 33. fxe6 Re2 34. Rxe2 Nxe2 35. Qd1 c3 36. Qxe2 Qb1+ 37. Ne1 c2 38. e7 c1=Q 39. e8=Q+ Kh7 40. Q8e3 Qxe3 41. Qxe3 d4 42. Qd3+ Qxd3 43. Nxd3 Kg6 44. Kg2 Kf5 45. Kf3 g5 46. g4+ Ke6 47.
Ke4 1-0

[Event "Late-Titled-Tuesday-Blitz-February-27-2024"]
[Site "Chess.com"]
[Date "2024.02.27"]
[Round "2"]
[White "ElDivis"]
[Black "GMVignirVatnar"]
[Result "0-1"]
[WhiteElo "2468"]
[BlackElo "2713"]
[TimeControl "180+1"]
[EndTime "14:16:28 PST"]
[Termination "GMVignirVatnar won on time"]

1. d4 d5 2. Nf3 Nf6 3. c4 e6 4. e3 a6 5. b3 c5 6. cxd5 Nxd5 7. Bd3 Nc6 8. O-O cxd4 9. exd4 b5 10. a4 b4 11. Nbd2 Nc3 12. Qc2 Nxd4 13. Nxd4 Qxd4 14. Nf3 Qc5 15. Be3 Qc7 16. Rfe1 Bb7 17. Nd4 Bd6 18.
f4 Bxf4 19. Bxf4 Qxf4 20. Nxe6 fxe6 21. Rxe6+ Kd7 22. Bf5 Kc7 23. Re7+ Kb6 24. Rae1 Qd4+ 25. Kh1 Rad8 26. Bh3 Rhf8 27. Qxh7 Rd6 28. Qh5 Nd5 29. R7e2 Nf4 30. a5+ Ka7 0-1

[Event "Late-Titled-Tuesday-Blitz-February-27-2024"]
[Site "Chess.com"]
[Date "2024.02.27"]
[Round "2"]
[White "EvilMorty23"]
[Black "cassoulet"]
[Result "1-0"]
[WhiteElo "2554"]
[BlackElo "2759"]
[TimeControl "180+1"]
[EndTime "14:16:29 PST"]
[Termination "EvilMorty23 won by checkmate"]

1. e4 c5 2. Nf3 e6 3. c3 Nf6 4. e5 Nd5 5. d4 cxd4 6. cxd4 d6 7.
Bc4 Nb6 8. Bd3 Nc6 9. a3 Bd7 10. O-O Qc7 11. Nc3 dxe5 12. dxe5 Nxe5 13. Bf4 Nxf3+ 14.
Qxf3 Bd6 15. Nb5 Bxb5 16. Bxb5+ Kf8 17. Rac1 Qe7 18. Bxd6 Qxd6 19. Qxb7 g6 20. Rfd1 Qf4 21. g3 Qf5 22. a4 Kg7 23. b4 Rhb8 24. Qe7 Nd5 25.
Qc5 a6 26. Bc6 Rb6 27. Bxa8 Rb8 28. Bxd5 exd5 29. Qd4+ Kg8 30. Qf4 Qxf4 31. gxf4 Rxb4 32. Rxd5 Rxa4 33. f5 Kg7 34. fxg6 hxg6 35. Rd7 a5 36. Rcc7 Rf4 37. Ra7 a4 38. Kg2 g5 39. Kg3 Kg6 40.
Rd6+ f6 41. Rda6 Rb4 42. Rxa4 Rb1 43. Kg2 Rb5 44. R4a6 Rf5 45. Rc6 Rf4 46. Raa6 Rf5 47. f3 Rf4 48. Kg3 Rf5 49. Rc7 Rf4 50. Raa7 Rb4 51. Rg7+ Kf5 52. Ra5+ Ke6 53. Ra6+ Ke5 54. Re7+ Kf5 55. Rf7 Kg6 56. Raxf6+ Kh5 57. Rh7# 1-0

[Event "Late-Titled-Tuesday-Blitz-February-27-2024"]
[Site "Chess.com"]
[Date "2024.02.27"]
[Round "2"]
[White "Russian_berezka"]
[Black "jcibarra"]
[Result "0-1"]
[WhiteElo "2595"]
[BlackElo "2939"]
[TimeControl "180+1"]
[EndTime "14:16:30 PST"]
[Termination "jcibarra won by resignation"]

1. d4 Nf6 2. Bf4 d5 3. e3 c5 4. c3 Nc6 5. Nd2 g6 6. Bd3 Nh5 7. Bg5 Qb6 8. Rb1 e5 9. Be2 Bf5 10. e4 dxe4 11. Nc4 Qc7 12. g4 cxd4 13. gxf5 Nf4 14. Bf6 Rg8 15. Nxe5 d3 16. Nxd3 exd3 17. Bxd3 Qd6 18. Bd4 Qd5 19. Nf3 O-O-O 20. Bc2 Qc4 21. b3 Ng2+ 22. Kd2 Bh6+ 0-1

[Event "Late-Titled-Tuesday-Blitz-February-27-2024"]
[Site "Chess.com"]
[Date "2024.02.27"]
[Round "2"]
[White "colegiodemadrid"]
[Black "GmSergioBarrientos"]
[Result "0-1"]
[WhiteElo "2506"]
[BlackElo "2719"]
[TimeControl "180+1"]
[EndTime "14:16:32 PST"]
[Termination "GmSergioBarrientos won by resignation"]

1. e4 e5 2. Nf3 Nc6 3. Bc4 Bc5 4. b4 Bxb4 5. c3 Bd6 6. d4 Nf6 7. O-O O-O 8. Na3 a6 9. Bd3 Re8 10. Nc4 b5 11. Nxd6 cxd6 12. d5 Ne7 13. a4 bxa4 14. Rxa4 Ng6 15. Ba3 Qc7 16. c4 a5 17. Qd2 Nf4 18.
Ra1 Nxd3 19. Qxd3 Ba6 20. Nh4 g6 21. Rc1 Rec8 22. Qd2 Nxe4 23. Qh6 Qd8 24. c5 Nxc5 25. Nf5 Qf6 26. Rh4 Qxf5 27. Qxh7+ Kf8 28. Rh3 Be2 29. Re3 Bh5 30. h3 Ke7 31. g4 Qg5 32. Rf3 Rf8 33. Re1 Bxg4 34. hxg4 Qxg4+ 35. Rg3 Qf5 36. Qh4+ Qf6 37.
Qc4 Rfc8 38. Bc1 Qf5 39. Qh4+ f6 40. Qh7+ Kd8 41. Rxg6 Kc7 42. Rg7 Qxh7 43. Rxh7 Rh8 44. Rf7 Rag8+ 45. Kf1 Rh1+ 46. Ke2 Rxe1+ 47. Kxe1 Nd3+ 48.
Kd2 Nxc1 49. Kxc1 Rg4 50. Rxf6 Rd4 51. f4 Rxf4 52. Rh6 Rd4 0-1

[Event "Late-Titled-Tuesday-Blitz-February-27-2024"]
[Site "Chess.com"]
[Date "2024.02.27"]
[Round "2"]
[White "ProChessWICTH"]
[Black "QuintilianoR"]
[Result "1-0"]
[WhiteElo "2552"]
[BlackElo "2754"]
[TimeControl "180+1"]
[EndTime "14:16:33 PST"]
[Termination "ProChessWICTH won by resignation"]

1. d4 Nf6 2. c4 e6 3. Nc3 Bb4 4. Bg5 h6 5. Bxf6 Bxc3+ 6. bxc3 Qxf6 7. e3 c5 8. Nf3 O-O 9. Bd3 Nc6 10. O-O b6 11. Rb1 d6 12. Be4 Bb7 13. dxc5 dxc5 14. Qd7 Rab8 15. Bxc6 Rfd8 16. Qc7 Rdc8 17. Qxb7 Rxb7 18.
Bxb7 Rc7 19. Be4 Qxc3 20. Rfc1 Qa5 21. Rb2 Qa3 22. Rcc2 Rd7 23. g4 g6 24. Ne5 Rd1+ 25.
Kg2 Qa5 26. Nf3 f5 27. gxf5 gxf5 28. Bc6 Rd6 29. Ne5 Qe1 30. Re2 Qc1 31. Rbc2 Qa1 32. f4 Rd1 33. Kh3 Kf8 34. Rg2 Rg1 35. Rcd2 Rxg2 36. Kxg2 Qe1 37. Rd3 Qe2+ 38. Kg3 Qe1+ 39. Kh3 Qf1+ 40. Kh4 Qf2+ 41. Kh5 Qxh2+ 42. Kg6 Qg3+ 43.
Kf6 Qg7+ 44. Kxe6 Qe7+ 45. Kxf5 Kg8 46. Rd7 Qf8+ 47. Kg6 1-0

[Event "Late-Titled-Tuesday-Blitz-February-27-2024"]
[Site "Chess.com"]
[Date "2024.02.27"]
[Round "2"]
[White "GotCheeseCheckers"]
[Black "MarcoRiehle"]
[Result "1-0"]
[WhiteElo "2549"]
[BlackElo "2753"]
[TimeControl "180+1"]
[EndTime "14:16:35 PST"]
[Termination "GotCheeseCheckers won by resignation"]

1. e4 e5 2. Nf3 Nf6 3. Nc3 Nc6 4. Be2 Bc5 5. O-O d6 6. d3 h6 7.
Na4 Bb6 8. Nxb6 axb6 9. c4 O-O 10. h3 Ne7 11. Be3 Ng6 12. Qd2 Be6 13. a3 Qd7 14.
Rfe1 b5 15. c5 dxc5 16. Bxc5 Rfd8 17. Bf1 b6 18. Be3 c5 19. Qc3 Qc7 20. b4 c4 21. Nd2 Rac8 22. dxc4 bxc4 23. a4 Qb7 24. a5 bxa5 25. bxa5 Nxe4 26. Nxe4 Qxe4 27. Bb6 Qd5 28.
Bxd8 Qxd8 29. a6 Qb6 30. Reb1 Qa7 31. Rb7 Qa8 32. Qb4 Bd5 33. Rd1 Bc6 34. Bxc4 Nf4 35. Qe7 Rf8 36. Bxf7+ Kh8 37. Bd5 Rg8 38. Bxc6 Qxa6 39.
Bf3 Qg6 40. Qxe5 Nxh3+ 41. Kf1 Ng5 42. Rdd7 Nxf3 43. gxf3 Qa6+ 44. Kg2 Qg6+ 45. Qg3 Qf6 46. Rf7 Qd4 47. f4 Qd5+ 48. Kh2 Qh5+ 49. Kg2 Qd5+ 50. Qf3 Qd6 51. f5 Qe5 52. Qg3 Qe4+ 53. Kh2 Qd4 54. f6 Qd5 55. Rxg7 Qh5+ 56. Kg2 Qd5+ 57. f3 Qd2+ 58. Kh3 1-0

[Event "Late-Titled-Tuesday-Blitz-February-27-2024"]
[Site "Chess.com"]
[Date "2024.02.27"]
[Round "2"]
[White "jinxy2009"]
[Black "Flaccidmoves"]
[Result "0-1"]
[WhiteElo "2163"]
[BlackElo "2466"]
[TimeControl "180+1"]
[EndTime "14:16:35 PST"]
[Termination "Flaccidmoves won by resignation"]

1. e4 Nf6 2. e5 Nd5 3. c4 Nb6 4. d4 d6 5. exd6 exd6 6. Nc3 Bf5 7. Bd3 Bxd3 8. Qxd3 Be7 9. Nf3 O-O 10. O-O Nc6 11. b3 Bf6 12. Be3 g6 13. Rac1 d5 14. c5 Nc8 15. Rfd1 N8e7 16. Qb1 Nf5 17. b4 Re8 18. b5 Na5 19. Bf4 c6 20. bxc6 bxc6 21.
Qd3 Nc4 22. Rb1 Qd7 23. h3 h5 24. Bg5 Bg7 25. Re1 Rxe1+ 26. Rxe1 Re8 27. Rxe8+ Qxe8 28. Ne2 Qe4 29. Qxe4 dxe4 30. Nd2 Nxd2 31. Bxd2 Nxd4 32. Nxd4 Bxd4 33. Bb4 f5 34. Kf1 Kf7 35. Ke2 Ke6 36. f3 Kd5 37. fxe4+ fxe4 38. g4 Bxc5 39. Bxc5 Kxc5 40. gxh5 gxh5 41. Ke3 Kd5 42. Kf4 Kd4 43. Kg5 e3 44. Kxh5 e2 45. h4 e1=Q 46. Kg6 Qxh4 0-1

[Event "Late-Titled-Tuesday-Blitz-February-27-2024"]
[Site "Chess.com"]
[Date "2024.02.27"]
[Round "2"]
[White "michaelk123"]
[Black "Yushko_Olga"]
[Result "1-0"]
[WhiteElo "2483"]
[BlackElo "2202"]
[TimeControl "180+1"]
[EndTime "14:16:38 PST"]
[Termination "michaelk123 won by resignation"]

1. d4 e6 2. c4 Nf6 3. Nc3 d5 4. cxd5 exd5 5. Bg5 Nbd7 6. e3 Be7 7. Bd3 O-O 8. Qc2 h6 9. Bh4 c5 10. Nge2 cxd4 11.
Nxd4 Ne5 12. Be2 Bg4 13. O-O Rc8 14. Rac1 Bxe2 15. Qxe2 Nc4 16. Rfd1 Qb6 17. Bxf6 Bxf6 18. Nxd5 Qxb2 19. Nxf6+ gxf6 20. Qg4+ Kh7 21. Nf5 Rg8 22. Qh4 Rg6 23. Rxc4 Qe2 24. Rcd4 Rc2 25. Rd7 Rc7 26. R7d4 Rc2 27. Qf4 Rg5 28. Ng3 Qa6 29.
Qe4+ f5 30. Qxc2 h5 31. Rd7 Qe6 32. Qb3 Qe5 33. Qxf7+ Rg7 34. Qxg7+ 1-0

[Event "Late-Titled-Tuesday-Blitz-February-27-2024"]
[Site "Chess.com"]
[Date "2024.02.27"]
[Round "2"]
[White "NovakRatko"]
[Black "rcmz"]
[Result "1-0"]
[WhiteElo "2476"]
[BlackElo "2188"]
[TimeControl "180+1"]
[EndTime "14:16:39 PST"]
[Termination "NovakRatko won by checkmate"]

1. d4 d6 2. f4 Nd7 3. e4 h6 4.
Nf3 g5 5. fxg5 Bg7 6. c3 Nf8 7. Bc4 Be6 8. d5 Bd7 9. Qb3 b6 10.
Be3 Ng6 11. Nbd2 Ne5 12. Nxe5 Bxe5 13. Nf3 Bg7 14. Qd1 hxg5 15. Nxg5 Nf6 16. Bd4 Bg4 17. Qd3 Kf8 18. O-O Qd7 19. e5 dxe5 20. Bxe5 Bh5 21.
h3 Kg8 22. Rae1 Rd8 23. Re3 Nxd5 24. Nxf7 Bxf7 25. Rg3 Nf6 26. Qg6 Bxc4 27. Qxg7# 1-0

[Event "Late-Titled-Tuesday-Blitz-February-27-2024"]
[Site "Chess.com"]
[Date "2024.02.27"]
[Round "2"]
[White "adricalderon8"]
[Black "Goryachkina"]
[Result "1-0"]
[WhiteElo "2467"]
[BlackElo "2683"]
[TimeControl "180+1"]
[EndTime "14:16:41 PST"]
[Termination "adricalderon8 won on time"]

1. e4 c5 2. Nf3 e6 3. b3 Nc6 4. Bb2 d6 5. d4 cxd4 6. Nxd4 Nf6 7. Nc3 e5 8. Nxc6 bxc6 9. Bc4 Be6 10. Qe2 Be7 11.
O-O-O O-O 12. f3 a5 13. a4 Nd7 14. Bxe6 fxe6 15. Qc4 Rf6 16. Qxc6 Rc8 17. Qb5 Rg6 18. g3 Rf6 19. Rhf1 Nc5 20. Kb1 Qc7 21. Qe2 Rf7 22. f4 exf4 23. gxf4 Rcf8 24. f5 Qc6 25. fxe6 Nxe6 26.
Nd5 Bg5 27. Rxf7 Rxf7 28. h4 Bh6 29. Qg4 Nf4 30. Nxf4 Bxf4 31. Bxg7 Rxg7 32. Qxf4 Rg2 33. Rd2 Rg1+ 34. Kb2 Qc5 35. Qxd6 1-0

[Event "Late-Titled-Tuesday-Blitz-February-27-2024"]
[Site "Chess.com"]
[Date "2024.02.27"]
[Round "2"]
[White "MyDream003"]
[Black "Carlitus2004"]
[Result "1-0"]
[WhiteElo "2715"]
[BlackElo "2384"]
[TimeControl "180+1"]
[EndTime "14:16:42 PST"]
[Termination "MyDream003 won by resignation"]

1. Nf3 b6 2. g3 Bb7 3. Bg2 g6 4. O-O Bg7 5. d4 Nf6 6. c3 O-O 7. Bf4 d6 8. Nbd2 Nbd7 9. Nc4 Re8 10. a4 a6 11. Qc1 Be4 12. Rd1 d5 13. Nce5 Nxe5 14.
Bxe5 Qd7 15. h3 Bxf3 16. exf3 e6 17. Re1 Rec8 18. Qd2 Ne8 19. Bf4 Nd6 20. Bf1 h5 21. h4 Nf5 22. Bd3 Re8 23. Kg2 Bf8 24. a5 b5 25. b4 Bd6 26. Bg5 Be7 27. Bf4 Bd6 28.
Be5 c6 29. Qf4 Bxe5 30. Rxe5 Kg7 31. Rh1 Rh8 32. Qd2 Rae8 33. Re2 Nd6 34. Qf4 Qd8 35. Qe5+ Kh7 36. Qxh5+ Kg7 37. Qe5+ Kh7 38. h5 f6 39.
hxg6+ Kg7 40. Qf4 Rxh1 41. Kxh1 Rh8+ 42. Kg2 Qe7 43. Qg4 f5 44. Bxf5 Nxf5 45. Qxf5 exf5 46. Rxe7+ Kxg6 47. Re6+ Kf7 48. Rxc6 Re8 49. Rxa6 Re2 50. Rc6 Ra2 51. Rc5 Ra3 52. Rxb5 Rxc3 53. a6 Ra3 54.
Ra5 1-0

[Event "Late-Titled-Tuesday-Blitz-February-27-2024"]
[Site "Chess.com"]
[Date "2024.02.27"]
[Round "2"]
[White "PawnEatingZombie"]
[Black "korkmaz16"]
[Result "0-1"]
[WhiteElo "2185"]
[BlackElo "2476"]
[TimeControl "180+1"]
[EndTime "14:16:46 PST"]
[Termination "korkmaz16 won on time"]

1. e4 e6 2. d4 d5 3. exd5 exd5 4. Bf4 Nf6 5. Nc3 Bb4 6. a3 Bxc3+ 7. bxc3 O-O 8. Bd3 Re8+ 9. Ne2 Bg4 10. f3 Nh5 11. O-O Nxf4 12. Nxf4 Bc8 13. Qd2 Nd7 14. Rfe1 c6 15. g3 Nf6 16. Rxe8+ Qxe8 17. Re1 Qf8 18. g4 h6 19. h4 Bd7 20. g5 hxg5 21.
hxg5 Ne8 22. Qh2 g6 23. Kf2 Qg7 24. Re7 Rd8 25. Bxg6 Nd6 26. Nh5 Qxg6 27. Nf6+ Kg7 28. Qxd6 Qxc2+ 29. Kg3 Rh8 30. Rxf7+ Kxf7 31. Qxd7+ Kg6 32.
Ng4 Qf5 33. Qd6+ Kxg5 34. Qe7+ Kg6 35. Qd6+ Kh7 36. Qe7+ Kg6 37. Qd6+ Kg5 38. Qe7+ Kh5 0-1